 Dungeon Crawl Stone Soup version 0.24.0-123-gd5b16e6ec5 (webtiles) character file.

Game seed: 4957469263414898146, levelgen mode: deterministic

8766 Emblim88 the Grappler (level 11, 0/107 HPs)
             Began as a Troll Monk on Jan 2, 2020.
             Was a High Priest of Ru.
             Slain by a yak (7 damage)
             ... on level 10 of the Dungeon.
             The game lasted 00:20:55 (8105 turns).

Emblim88 the Grappler (Troll Monk)                  Turns: 8105, Time: 00:20:56

Health: 0/107      AC:  8    Str: 23    XL:     11   Next: 14%
Magic:  13/13      EV: 12    Int:  6    God:    Ru [*****.]
Gold:   370        SH:  0    Dex: 13    Spells: 10/10 levels left

rFire    + . .     SeeInvis .     - Unarmed
rCold    . . .     Gourm    +   (shield unavailable)
rNeg     . . .     Faith    .   v - +0 troll leather armour
rPois    .         Spirit   .   (helmet restricted)
rElec    .         Reflect  .   (no cloak)
rCorr    .         Harm     .   (gloves unavailable)
MR       .....                  (boots unavailable)
Stlth    +.........             (no amulet)
HPRegen  1.07/turn              (ring unavailable)
MPRegen  0.13/turn              n - ring of protection from fire

@: hasted, lightly drained, very quick
A: large, unfitting armour, claws 3, fast metabolism 3, gourmand, regeneration
1, shaggy fur 1, tough skin 3, missing a hand, unskilled 1
a: Draw Out Power, Power Leap, Apocalypse, Renounce Religion


You were on level 10 of the Dungeon.
You worshipped Ru.
Ru was extremely pleased with you.
You were completely stuffed.

You visited 1 branch of the dungeon, and saw 10 of its levels.
You also visited: Ossuary.

You collected 502 gold pieces.
You spent 132 gold pieces at shops.

Inventory:

Missiles
 p - 34 poisoned darts (quivered)
Armour
 a - a +0 robe
 v - a +0 troll leather armour (worn)
Jewellery
 n - a ring of protection from fire (right claw)
 o - an uncursed ring of ice
Wands
 e - a wand of disintegration (24)
 i - a wand of flame (21)
 q - a wand of iceblast (8)
 u - a wand of paralysis (8)
 D - a wand of enslavement (9)
 F - a wand of polymorph (9)
Scrolls
 c - 6 scrolls of teleportation
 h - 5 scrolls of remove curse
 j - a scroll of fog
 l - 2 scrolls of fear
 r - a scroll of noise
 s - a scroll of identify
 t - a scroll of enchant weapon
 w - 2 scrolls of enchant armour
 y - 2 scrolls of blinking
 A - a scroll of magic mapping
 B - 2 scrolls of immolation
 C - a scroll of amnesia
Potions
 d - a potion of magic
 f - a potion of curing
 g - 2 potions of mutation
 k - 4 potions of lignification
 m - a potion of invisibility
 x - 2 potions of cancellation
 z - 3 potions of degeneration
 G - a potion of ambrosia {unknown}
 I - a potion of might
Comestibles
 b - 8 rations
 H - 38 chunks of flesh


   Skills:
 + Level 6.5(6.1) Fighting
 + Level 6.4(6.0) Dodging
 - Level 0.9(0.6) Stealth
 * Level 10.6(10.2) Unarmed Combat
 + Level 5.0(4.6) Evocations


You had 10 spell levels left.
You didn't know any spells.
Your spell library was empty.

Dungeon Overview and Level Annotations

Branches:
Dungeon (10/15)            Temple (0/1) D:7            Lair (0/6) D:9
Ossuary (visited)
    Orc: D:9-12

Altars:
Ashenzari
Cheibriados
Fedhas
Gozag
Kikubaaqudgha
Makhleb
Nemelex Xobeh
Okawaru
Ru
Vehumet
Yredelemnul
Zin
The Shining One

Shops:
D:4 }

Annotations:
D:6 1 runed translucent door


Innate Abilities, Weirdness & Mutations

You are too large for most types of armour.
You have claws for hands.
Your metabolism is lightning-fast.
You like to eat raw meat.
Your natural rate of healing is unusually fast.
You are covered in fur. (AC +1)
You have extremely tough skin. (AC +3)
You are missing a hand.
You are somewhat unskilled. (-1 Apt)


Message History

You feel yourself speed up. The yak gores you.
* * * LOW HITPOINT WARNING * * *
The troll closely misses you. The troll claws you.
* * * LOW HITPOINT WARNING * * *
You focus your will and illuminate the troll in retribution!
The troll barely misses you.
You mangle the troll!!
The troll is heavily wounded.
The yak misses you.
You claw the troll!
You kill the troll!
Your base Evocations skill increases to level 5!
The yak gores you!
* * * LOW HITPOINT WARNING * * *
You mangle the yak!!
The yak is severely wounded.
Your troll leather armour prevents you from hitting the yak.
The yak is severely wounded.
The yak gores you!
You die...

##.....>.......
###..........###.
#............##..
#................
##.....#.....###.
#......#......# #
###............####
##..#.##............
#..@#..#.##.........
#...†.Y....#
.........
#............ . #.
.............#.. ...
#. .........#.### .
...### ............
# ....#. ..#......#
.. ........
..#....... ...
...####. ....##r.


You could see a yak.

Vanquished Creatures
  2 two-headed ogres (D:8)
  3 centaur zombies
  2 trolls (D:10)
  A hornet (D:10)
  A hippogriff (D:10)
  2 wraiths (Ossuary)
  12 yaks
  2 hungry ghosts (D:7)
  2 wargs (D:9)
  A soldier ant (D:6)
  4 orc warriors
  A sky beast (D:10)
  2 ice beasts
  3 phantoms
  2 ogres
  A centaur (D:5)
  A big kobold (D:8)
  5 bullfrogs
  A gnoll sergeant (D:7)
  3 scorpions
  A killer bee (D:6)
  9 wights
  A howler monkey (D:8)
  5 crimson imps
  3 quasits
  3 jellies
  4 orc wizards
  6 orc priests
  3 hounds
  2 bullfrog skeletons
  A centaur skeleton (D:7)
  2 iguanas
  Natasha (thrice) (D:3)
  10 worker ants
  2 hound skeletons (D:8)
  8 gnolls
  5 adders
  2 shadow imps
  2 adder zombies
  An adder skeleton (D:5)
  2 worms
  3 leopard geckos
  22 orcs
  A ball python (D:3)
  8 bats
  6 giant cockroaches
  8 goblins
  7 hobgoblins
  12 jackals
  11 kobolds
  2 quokkas (D:2)
  3 frilled lizards
  2 hobgoblin skeletons (Ossuary)
  A kobold zombie (Ossuary)
  A leopard gecko zombie (D:6)
  An orc skeleton (Ossuary)
  An orc zombie (Ossuary)
  A quokka zombie (D:7)
  12 rats
228 creatures vanquished.

Vanquished Creatures (others)
  An orc (D:8)
1 creature vanquished.

Grand Total: 229 creatures vanquished

Notes
Turn   | Place    | Note
-------+----------+-------------------------------------------
     0 | D:1      | Emblim88 the Troll Monk began the quest for the Orb.
     0 | D:1      | Reached XP level 1. HP: 22/22 MP: 0/0
   265 | D:1      | Reached XP level 2. HP: 29/29 MP: 1/1
   710 | D:2      | Reached XP level 3. HP: 34/36 MP: 2/2
   783 | D:2      | Found a faded altar of an unknown god.
   966 | D:2      | Found a shattered altar of Ashenzari.
  1052 | D:2      | Reached skill level 4 in Unarmed Combat
  1132 | D:2      | Reached XP level 4. HP: 44/44 MP: 3/3
  1405 | D:3      | Noticed Natasha
  1412 | D:3      | Killed Natasha
  1432 | D:3      | Noticed Natasha
  1441 | D:3      | Killed Natasha
  1473 | D:3      | Reached XP level 5. HP: 53/53 MP: 4/4
  1638 | D:3      | Found a sacrificial altar of Ru.
  1654 | D:3      | Became a worshipper of Ru the Awakened
  1699 | D:3      | Noticed Natasha
  1706 | D:3      | Killed Natasha
  1710 | D:3      | Gained mutation: You are missing a hand. [Ru sacrifice]
  1710 | D:3      | Reached * piety under Ru
  1710 | D:3      | Reached ** piety under Ru
  1710 | D:3      | Reached *** piety under Ru
  1868 | D:4      | Found Pixaoscho's Gadget Shop.
  1897 | D:4      | Reached skill level 5 in Unarmed Combat
  1905 | D:4      | Bought a wand of iceblast (8) for 132 gold pieces
  2022 | D:4      | Noticed a phantom
  2054 | D:4      | Killed a phantom
  2054 | D:4      | Reached XP level 6. HP: 42/61 MP: 5/5
  2361 | D:4      | You fall into a shaft and drop 1 floor!
  2361 | D:5      | Entered Level 5 of the Dungeon
  2362 | D:5      | Found a sparkling altar of Nemelex Xobeh.
  2624 | D:5      | Found a basalt altar of Yredelemnul.
  2699 | D:5      | Reached skill level 1 in Evocations
  2763 | D:5      | Reached XP level 7. HP: 51/68 MP: 5/7
  2841 | D:5      | Reached skill level 6 in Unarmed Combat
  3250 | D:6      | Reached XP level 8. HP: 58/79 MP: 8/8
  3268 | D:6      | Found a radiant altar of Vehumet.
  3446 | D:6      | Found a runed translucent door.
  3454 | D:6      | Found a runed translucent door.
  3581 | D:6      | Gained mutation: You are somewhat unskilled. (-1 Apt) [Ru
                  | sacrifice]
  3581 | D:6      | Reached **** piety under Ru
  3581 | D:6      | Reached ***** piety under Ru
  3603 | D:6      | Found an iron altar of Okawaru.
  4498 | D:7      | Found a snail-covered altar of Cheibriados.
  4519 | D:7      | Reached skill level 7 in Unarmed Combat
  4606 | D:7      | Found a staircase to the Ecumenical Temple.
  4642 | D:7      | Found a sand-covered staircase.
  4652 | D:7      | Found a glowing silver altar of Zin.
  4652 | D:7      | Found an opulent altar of Gozag.
  4666 | Ossuary  | Entered an ossuary
  4838 | Ossuary  | Noticed a flying skull
  4849 | Ossuary  | Noticed a flying skull
  4891 | Ossuary  | Noticed a flying skull
  4923 | Ossuary  | Reached XP level 9. HP: 84/85 MP: 10/10
  5044 | D:7      | Found a glowing golden altar of the Shining One.
  5411 | D:7      | Reached skill level 8 in Unarmed Combat
  5491 | D:7      | Found a burning altar of Makhleb.
  5500 | D:7      | Reached skill level 5 in Fighting
  5586 | D:7      | Reached skill level 5 in Dodging
  6192 | D:8      | Noticed a two-headed ogre
  6196 | D:8      | Noticed a two-headed ogre
  6200 | D:8      | Killed a two-headed ogre
  6200 | D:8      | Reached skill level 9 in Unarmed Combat
  6200 | D:8      | Reached XP level 10. HP: 81/96 MP: 10/12
  6205 | D:8      | Killed a two-headed ogre
  7209 | D:9      | Found a blossoming altar of Fedhas.
  7232 | D:9      | Found an ancient bone altar of Kikubaaqudgha.
  7333 | D:9      | Found a staircase to the Lair.
  7907 | D:10     | Entered Level 10 of the Dungeon
  7910 | D:10     | Reached skill level 10 in Unarmed Combat
  7972 | D:10     | Paralysed by a hornet for 3 turns
  7976 | D:10     | Reached XP level 11. HP: 58/106 MP: 13/13
  8103 | D:10     | Reached skill level 5 in Evocations
  8105 | D:10     | Slain by a yak

Levels and vault maps discovered:
D:1:      sevenhm_arrival_forest_fort_small_3, layout_basic, serial_rivers,
          chequers_serial_rivers_micro_a, chequers_serial_rivers_large_a,
          chequers_serial_rivers_room_a, chequers_serial_rivers_room_b
D:2:      layout_loops_ring, ashenzari_altar_1, chequers_ecumenical_altar_simple
D:3:      layout_rooms, old_standard_altar, uniq_natasha
D:4:      layout_gridville, serial_shops, nicolae_shop_statue_plus,
          first_ration, due_unseen_surprise
D:5:      layout_basic, nicolae_overflow_crystal_walls, marbit_many_paths
D:6:      lemuel_insect_pit, layout_layer_cave, vehumet_altar_wand_db,
          nicolae_overflow_hidden_temple
D:7:      layout_loops_corners, grunt_temple_overflow_gold_and_silver,
          bloody_makhleb, lemuel_crystal_altar, cheibriados_altar_1,
          minmay_temple_entry_stoned_glass,
          nicolae_ossuary_entry_false_entrances
D:8:      layout_gridville
D:9:      layout_long_grid, kennysheep_mini_moat, kennysheep_mini,
          erik_lair_orcish_takeover
D:10:     layout_cave_pools

Skill      XL: |  1  2  3  4  5  6  7  8  9 10 11 |
---------------+----------------------------------+-----
Unarmed Combat | 4 5 6 7 9 10 | 10.6
Fighting       | 3 4 5 6 |  6.5
Dodging        | 3 4 4 5 6 |  6.4
Evocations     | 1 2 4 5 |  5.0
Stealth        | 0 |  0.9

Action                   |  1- 3 |  4- 6 |  7- 9 | 10-12 || total
-------------------------+-------+-------+-------+-------++-------
Melee: Unarmed           |    94 |    90 |   330 |   202 ||   716
       Punch             |       |     2 |       |       ||     2
Invok: Sacrifice a Hand  |       |     1 |       |       ||     1
       Sacrifice Skill   |       |       |     1 |       ||     1
       Apocalypse        |       |       |       |     2 ||     2
       Reject Sacrifices |       |       |       |     1 ||     1
  Use: Scroll            |       |     6 |     8 |     2 ||    16
       Potion            |       |     1 |     4 |     4 ||     9
 Stab: Sleeping          |       |     2 |     8 |       ||    10
       Invisible         |       |     3 |     3 |     1 ||     7
       Paralysed         |       |       |     4 |     1 ||     5
  Eat: Chunk             |    16 |    12 |    32 |    17 ||    77
       Ration            |       |       |     3 |     2 ||     5
Armor: Robe              |    55 |    17 |    70 |    26 ||   168
       Troll leather arm |       |       |       |    22 ||    22
Dodge: Dodged            |    60 |    36 |   138 |   116 ||   350
